[Event "Portuguese Team Blitz-ch 2022"]
[Site "Viseu"]
[Date "2022.06.12"]
[Round "1.1"]
[White "Veiga, Jose Francisco R P N"]
[Black "Andias, Joao Pedro Menezes"]
[Result "1-0"]
[ECO "B40"]
[WhiteElo "2377"]
[BlackElo "2064"]
[Annotator "TA"]
[PlyCount "57"]
[EventDate "2022.06.12"]
[EventType "team-tourn"]
[EventCountry "POR"]
[SourceTitle "playchess.com"]
[Source "ChessBase"]
[SourceQuality "1"]
[TimeControl "180+2"]

1. e4 c5 2. Nf3 e6 3. b3 d6 4. Bb2 e5 5. c3 Nc6 (5... f5 $11) 6. d4 $14 {[%emt 0:00:04] [#] B50: Sicilian: 2...d6, Miscellaneous.} Qc7 $146 ({Predecessor:} 6... Be7 7. dxc5 dxc5 8. Qxd8+ Bxd8 9. Nbd2 Bc7 10. Rd1 Nge7 11. Nc4 Be6 12. Ba3 b5 {1-0 (54) Kakumanu,K (2367)-Petersson,B (2199) Stockholm 2018}) 7. d5 Nce7 8. Bb5+ {[%emt 0:00:01] White is better.} Bd7 9. Bxd7+ Qxd7 10. c4 Nf6 11. Nc3 a6 12. a4 Ng6 13. O-O Be7 14. Ne1 Bd8 15. Nd3 Ba5 16. Qe2 O-O 17. f3 Nh5 18. g3 Bxc3 19. Bxc3 f5 $1 20. exf5 Qxf5 21. Qe4 {[%emt 0:00:01] White is more active.} (21. b4 $14) 21... Qxe4 (21... Qg5 $5 22. Rf2 Rae8 $11) 22. fxe4 Nf6 23. Rae1 b5 24. axb5 (24. Nf2 $11) 24... axb5 $15 25. cxb5 Ra3 26. Nc1 Nxe4 $2 27. Rxf8+ $18 {[%emt 0:00:03] White is clearly winning.} Nxf8 28. Rxe4 {[%emt 0:00:01] [#] aiming for Ra4.} Ng6 29. Ra4 {[%emt 0:00:02] Weighted Error Value: White=0.14 (very precise) /Black=0.49} 1-0

[Event "Portuguese Team Blitz-ch 2022"]
[Site "Viseu"]
[Date "2022.06.12"]
[Round "1.2"]
[White "Fernandes, Tiago Saraiva"]
[Black "Martins, Bruno Andre Leite"]
[Result "0-1"]
[ECO "B10"]
[WhiteElo "1950"]
[BlackElo "2327"]
[Annotator "TA"]
[PlyCount "132"]
[EventDate "2022.06.12"]
[EventType "team-tourn"]
[EventCountry "POR"]
[SourceTitle "playchess.com"]
[Source "ChessBase"]
[SourceQuality "1"]
[TimeControl "180+2"]

1. e4 c6 2. Bc4 d5 3. Bb3 Nf6 4. e5 Nfd7 5. d4 e6 6. Qg4 {B10: Caro-Kann: 2 d3 and 2 c4.} c5 7. c3 $1 Nc6 {[#]} 8. Nf3 $146 {The position is equal.} ({Predecessor:} 8. Ne2 Qb6 9. O-O h5 10. Qh4 Be7 11. Qg3 g6 12. Rd1 Qb5 13. Kf1 b6 14. Bc2 {0-1 (34) Skoloud,B-Fedotov,K (2017) Pardubice 2018}) 8... a5 9. O-O a4 10. Bc2 cxd4 (10... b5 $11 {should be considered.}) 11. cxd4 $16 Nb4 12. Bd1 Nd3 (12... h5 $142 13. Qg3 b5) 13. Bg5 Qb6 (13... Qc7 $16) 14. Nc3 Qxb2 {[#]} 15. Be2 $2 Qxc3 $19 16. Bd2 Qa3 17. Ng5 Be7 18. Nxf7 Kxf7 19. Qf3+ Ke8 20. Bxd3 Bf8 $2 (20... Nb8 $1 $17 {Hoping for ...Nc6.} 21. Bc1 Qb4) 21. Qh5+ (21. Rac1 $16) 21... g6 (21... Kd8 $1 $11 {keeps the balance.} 22. Bb5 Qb2 23. Bg5+ Be7 24. Bxe7+ Kxe7) 22. Bxg6+ $1 $16 hxg6 23. Qxg6+ Kd8 24. Bg5+ (24. Bc1 $1 $16 {[%cal Rc1a3] is necessary to keep the advantage.} Qb4 25. Bg5+ Kc7 26. Rac1+ Bc5 27. Qxe6) 24... Kc7 $2 (24... Be7 $19 {is more deadly.} 25. Qg7 Rf8) 25. Rfc1+ Kb8 $2 {[%mdl 8192] [#]} (25... Kb6 $1 $17 {[%cal Rb6a7] keeps the pressure on. And now ...Ka7 would win.} 26. Qxe6+ Ka7 27. Qxd5 Qd3) 26. Qxe6 $4 (26. Rxc8+ $1 $18 {[%mdl 512] is the narrow road to win.} Ka7 27. Rxa8+ Kxa8 28. Qxe6) 26... Bb4 $19 27. Qxd5 Ra5 28. Qc4 Ra6 $2 (28... Nb6 $1 $19 29. Qc7+ Ka7) 29. Be3 $2 (29. Rab1 $11 {and White stays safe.} Nb6 30. Qxb4 Qxb4 31. Rxb4) 29... Be7 $2 ({Wrong is} 29... Rc6 $2 30. Qb5 Bc3 31. Rab1 $19) (29... Ba5 $19 30. Rab1 Nb6) 30. d5 (30. Rab1 $1 $14 {was forced to keep a grip.} Ka8 31. d5) 30... Bc5 $2 31. Bxc5 $16 Qxc5 32. Qxc5 Nxc5 33. Rxc5 Re8 (33... Rb6 $16 {was worth a try.}) 34. e6 (34. f4 $1 $18 {and White stays clearly on top.}) 34... Rd6 35. Rac1 (35. Rb1 $16) 35... b6 $11 36. Rb5 Bb7 37. Rd1 (37. f4 $11) 37... Rexe6 $1 $19 {[%cal Ob7d5][%mdl 64] Pin} 38. h3 (38. h4 $142) 38... Re5 $2 (38... Re2 $19 39. Ra1 Rd2) 39. Rb4 $17 Rexd5 40. Re1 (40. Rxd5 $11 {and White is okay.} Bxd5 41. Rxa4) 40... Rd1 41. Rxd1 Rxd1+ $19 {[%mdl 4096] Endgame KRB-KR} 42. Kh2 Bc6 43. Rxb6+ Kc7 44. Rb2 Rd3 $2 (44... Ra1 $19 {...Bd5 is the strong threat.} 45. Rd2 Be8) 45. f3 ({White should try} 45. h4 $15) 45... a3 $2 (45... Bd5 $19 {Strongly threatening ...Ra3.} 46. h4 Ra3) 46. Rc2 $11 Kd6 47. Kg3 Bd5 48. Kf4 Be6 49. g4 (49. h4 $11) 49... Bd5 $15 {Black is more active.} 50. Rf2 (50. h4 $15) 50... Rd1 $19 51. h4 Ra1 52. g5 Rxa2 53. Rf1 Rg2 (53... Rb2 $142 54. Ra1 a2) 54. h5 a2 55. g6 Rf2 56. Rd1 (56. Ra1 $19 Ke6 57. h6) 56... Rxf3+ 57. Kg5 Rg3+ (57... Rb3 $142 58. g7 Ke7 $1 59. Rc1 Rb1 60. Rc7+ Ke8 61. Ra7 a1=Q 62. g8=Q+ Bxg8 63. Rxa1 Rxa1 64. Kf4 Re1 65. Kg4 Kf7 66. Kg3 Kf6 67. Kf4 Bh7 68. Kg3 Re4 69. Kf3 Kg5 70. Kg3 Re3+ 71. Kg2 Kf4 72. h6 Re2+ 73. Kf1 Bd3 74. Kg1 Kg3 75. Kf1 Re8+ 76. Kg1 Re1#) 58. Kh6 Rb3 (58... Ke5 $142 59. g7 Be6 60. Kh7 Bf5+ 61. Kh6 Rxg7 $3 62. Kxg7 Bb1 63. Re1+ Kf4 64. Rf1+ Ke3 65. Re1+ Kd2 66. Rf1 a1=Q+ 67. Kf8 Qh8+ 68. Ke7 Qxh5 $1 69. Rf7 Bg6 70. Rf6 Qg5 71. Ke6 Bb1 72. Rf1 Qg4+ 73. Kf6 Qd4+ 74. Kg5 Qe5+ 75. Kh4 Qh2+ 76. Kg5 Qg2+ 77. Kf6 Qxf1+ 78. Ke6 Qf5+ 79. Kd6 Qf6+ 80. Kc7 Bf5 81. Kb7 Qd6 82. Ka8 Be4+ 83. Ka7 Qc7+ 84. Ka6 Bd3#) 59. g7 Rg3 60. Kh7 Ke5 $2 (60... Ke7 $19 {( -> ...Be4+)} 61. Re1+ Kf6 62. Rf1+ Kg5) 61. h6 $2 {[%mdl 8192] [#]} (61. Kh8 $11) 61... Be4+ $1 62. Kh8 Bb1 63. g8=Q Rxg8+ 64. Kxg8 a1=Q {Black mates.} 65. Rd8 Qa2+ 66. Kh8 Qf7 {A wild game.  Weighted Error Value: White=1.22/Black=1.22} 0-1

[Event "Portuguese Team Blitz-ch 2022"]
[Site "Viseu"]
[Date "2022.06.12"]
[Round "1.3"]
[White "Rego, Pedro Filipe"]
[Black "Santos, Ricardo"]
[Result "1-0"]
[ECO "A45"]
[WhiteElo "2251"]
[BlackElo "2088"]
[Annotator "TA"]
[PlyCount "87"]
[EventDate "2022.06.12"]
[EventType "team-tourn"]
[EventCountry "POR"]
[SourceTitle "playchess.com"]
[Source "ChessBase"]
[SourceQuality "1"]
[TimeControl "180+2"]

1. d4 Nf6 2. Bf4 g6 3. Nc3 Bg7 4. e4 d6 5. Qd2 c6 6. f3 {[%emt 0:00:07] White is more active. B07: Pirc Defence: Miscellaneous Systems.} b5 7. O-O-O Qa5 8. Kb1 {[%emt 0:00:02] White has an edge.} b4 {[%emt 0:00:01] Prevents a3.} 9. Nce2 O-O {[%emt 0:00:09] [#]} (9... c5 $11) 10. Nc1 $146 (10. Bh6 $1 $16) ({Predecessor:} 10. Bh6 e5 11. Nc1 Be6 12. Nge2 Nbd7 13. h4 Nb6 14. Nb3 Qa4 15. h5 Nc4 16. Qc1 a5 17. hxg6 fxg6 18. Bxg7 Kxg7 {0-1 (33) Hambleton,A (2454)-Iturrizaga Bonelli,E (2595) Chess.com INT 2022}) 10... c5 $11 11. Nb3 Qb6 12. dxc5 dxc5 13. Be3 Nfd7 14. Qf2 (14. Nh3 $11 {keeps the balance.}) 14... Qf6 $17 15. Bc1 a5 $1 16. Nxc5 a4 {[%emt 0:00:17] White must now prevent ...a3.} 17. f4 (17. Nxd7 $17 {is a better defense.} Bxd7 18. f4) 17... a3 $1 $19 18. Bc4 $2 (18. e5 Nxe5 19. Qd4) 18... axb2 19. Be3 (19. Bd2 Nxc5 20. Qxc5) 19... Nxc5 20. Bxc5 Qc6 21. Bd5 $2 {[%emt 0:00:10] [#]} (21. Rd5 Be6 22. Bb3) 21... Qa4 $2 (21... Be6 $1 $19 {( -> ...Bxd5)} 22. Bd4 Bxd5 23. Bxg7 Bxa2+ 24. Kxb2 Kxg7) 22. Bxa8 ({White must play} 22. Bb3 $1 $15 Qa5 23. f5) 22... Qxa8 23. Bd4 $2 (23. Bxb4 Qxe4 24. a3) 23... Be6 24. Kxb2 Qxa2+ (24... Qa3+ $142 25. Kb1 Bxa2+ 26. Ka1 Bxd4+ 27. Rxd4 Nc6 28. Rd3 b3 29. Rxb3 Qc1+ 30. Kxa2 Ra8+ 31. Qa7 Rxa7+ 32. Ra3 Rxa3#) 25. Kc1 Qa3+ ({Not} 25... Bxd4 $2 26. Qxd4 b3 27. Qb2 bxc2 28. Rd3 $19) 26. Kd2 Nc6 $2 (26... Rd8 $19 {has better winning chances.} 27. Ke1 Bxd4) 27. Bxg7 $17 Rd8+ (27... Kxg7 $17 28. Qc5 Rd8+ 29. Ke1 Rxd1+ 30. Kxd1 Bg4+ 31. Kd2 Qa1 32. Qxc6 Qd1+ 33. Ke3 Qe1+ 34. Kd4 Qf2+ 35. Kc4 Qxg2) 28. Ke1 $11 {[%emt 0:00:04] Strongly threatening Rxd8+.} Rxd1+ 29. Kxd1 Kxg7 (29... b3 $1 $15 30. cxb3 Bxb3+ 31. Kd2 Kxg7) 30. Ne2 $2 (30. Qd2 $1 $11 {and White stays safe.}) 30... Bc4 $2 (30... Qa1+ $19 31. Kd2 Qxh1) 31. Nc1 (31. Qc5 $16 Na5 32. Nc1 (32. Qxe7 Qa1+ 33. Kd2 Qxh1 $17)) 31... e5 32. fxe5 {[%emt 0:00:02] aiming for Qf6+.} Nxe5 33. Qd4 {[%emt 0:00:01] Against Qa1} f6 34. Re1 Be6 (34... h5 $14) 35. Re3 (35. Nd3 $16 Nxd3 36. cxd3) 35... Bg4+ {[%emt 0:00:02] [#]} ({Black should play} 35... Qa6 $1 $14 36. Ke1 Bc4) 36. Kd2 $1 $16 Qa6 37. Ke1 {[%emt 0:00:03] Prevents Qf1+. And now Nd3 would win.} Qb5 (37... Qa5 $16 {keeps fighting.}) 38. Nd3 $18 Nxd3+ 39. Qxd3 {[%emt 0:00:01] KQR-KQB} Qc5 {[%emt 0:00:03] White is clearly better.} 40. h3 Be6 41. Kf2 Bc4 (41... f5 $16 {was necessary.}) 42. Qd7+ Kh6 43. Qd2 g5 44. Kg1 {[%emt 0:00:02] What a bad dream for Black.  Weighted Error Value: White=1.02/Black=0.80} 1-0

[Event "Portuguese Team Blitz-ch 2022"]
[Site "Viseu"]
[Date "2022.06.12"]
[Round "1.4"]
[White "BOULHLIB ABDELKHALEK"]
[Black "Silva, Miguel Antonio Neto"]
[Result "0-1"]
[ECO "B54"]
[WhiteElo "1710"]
[BlackElo "2215"]
[Annotator "TA"]
[PlyCount "64"]
[EventDate "2022.06.12"]
[EventType "team-tourn"]
[EventCountry "POR"]
[SourceTitle "playchess.com"]
[Source "ChessBase"]
[SourceQuality "1"]
[TimeControl "180+2"]

1. e4 c5 2. Nf3 d6 3. d4 cxd4 4. Nxd4 Nf6 5. f3 a6 6. c4 e6 7. Nc3 Be7 8. Be3 {B55: Sicilian: 2...d6 3 d4 cxd4 4 Nxd4 Nf6 5 f3.} b6 9. Qd2 Bb7 10. Be2 {White is slightly better.} Nbd7 11. O-O-O Rc8 12. Kb1 Ne5 13. b3 {[#]} Qc7 $146 ({Predecessor:} 13... O-O 14. g4 d5 15. g5 Ne8 16. exd5 exd5 17. Nf5 Bb4 {1-0 (37) Demchenko,A (2654)-Arabidze,M (2432) Chess.com INT 2022}) 14. g4 b5 15. g5 Nfd7 16. f4 Nc6 17. Nxc6 Qxc6 18. h4 (18. Bd4 $14) 18... b4 {[#]} (18... Qc7 $11 {keeps the balance.}) 19. Na4 (19. Nd5 $1 $16 ) 19... Qxe4+ $11 20. Bd3 Qc6 21. h5 a5 22. g6 $2 (22. Qb2 $14 {stays ahead.} e5 23. Bf5) 22... hxg6 $19 23. Rh2 Nf6 ({Don't go for} 23... gxh5 $2 24. Bd4 $19) (23... Rxh5 $19 {...Nc5 is the strong threat.} 24. Bc2 Rxh2 25. Qxh2 Bf6) 24. hxg6 $17 Rxh2 25. gxf7+ Kxf7 26. Qxh2 Qg2 {Prevents Qg3.} 27. Qh4 {[#]} (27. Qxg2 $17 {might work better.} Bxg2 28. Bb6) 27... Be4 $19 28. Rd2 {Against Qe2} (28. Qf2) 28... Qf1+ {Black is clearly winning.} 29. Kc2 Bxd3+ 30. Rxd3 d5 31. c5 Qe2+ 32. Bd2 Bxc5 {Weighted Error Value: White=1.06/Black=0.25 (precise)} 0-1

[Event "Portuguese Team Blitz-ch 2022"]
[Site "Viseu"]
[Date "2022.06.12"]
[Round "1.5"]
[White "Padeiro, Jose"]
[Black "Pereira, Ruben"]
[Result "1-0"]
[ECO "B23"]
[WhiteElo "2207"]
[BlackElo "2436"]
[Annotator "TA"]
[PlyCount "57"]
[EventDate "2022.06.12"]
[EventType "team-tourn"]
[EventCountry "POR"]
[SourceTitle "playchess.com"]
[Source "ChessBase"]
[SourceQuality "1"]
[TimeControl "180+2"]

1. e4 c5 2. Nc3 d6 3. f4 Nc6 4. Nf3 g6 5. Bc4 Bg7 6. O-O e6 7. d4 $1 {[%mdl 4] is now more promising than 7.d3. B23: Closed Sicilian: Lines without g3.} cxd4 8. Nb5 Nge7 9. Bb3 {The position is equal.} ({Much weaker is} 9. Nfxd4 d5 10. exd5 exd5 $15) 9... O-O 10. Nbxd4 d5 11. e5 {[#]} Nf5 $146 (11... Bd7 $11) ({Predecessor:} 11... Bd7 12. Be3 Rc8 13. Kh1 Na5 14. Qe1 Nc4 15. Bc1 b5 16. c3 a5 17. a3 Qc7 {1-0 (47) Janaszak,D (2348)-Korobov,A (2683) Chess.com INT 2021}) 12. Nxf5 $16 gxf5 13. c3 f6 14. exf6 Qxf6 15. Be3 Bd7 16. Qd2 Rad8 17. Rae1 Bc8 (17... Qe7 $16 {is a better defense.}) 18. Nd4 (18. Ba4 $18) 18... Na5 (18... Qe7 $16) 19. Qe2 Nxb3 20. axb3 a6 21. Nf3 Qg6 (21... Qh6 $16 {might work better.} 22. Qd2 Qg6) 22. Bd4 Rf7 (22... Bxd4+ {was worth a try.} 23. Nxd4 Qf6) 23. Ne5 $18 Bxe5 24. Qxe5 {[%csl Gd4][%cal Re5h8] [#]} Kf8 $2 (24... Rg7 25. Re2 Qf7) 25. Rf3 {[%cal Bf1f3,Bf3g3,Bg3g8][%mdl 32] Rg3 is the strong threat.} Ke7 26. Rg3 Qf6 27. Bc5+ {White mates.} Ke8 28. Rg8+ Rf8 29. Qxf6 {Black did not feel at home in the position after the opening.  Weighted Error Value: White=0.07 (flawless) /Black=0.51} 1-0

[Event "Portuguese Team Blitz-ch 2022"]
[Site "Viseu"]
[Date "2022.06.12"]
[Round "1.6"]
[White "Fidalgo, Andre Neves"]
[Black "Monteiro, Paulo Alexandre G"]
[Result "0-1"]
[ECO "B76"]
[WhiteElo "2261"]
[BlackElo "1983"]
[Annotator "TA"]
[PlyCount "72"]
[EventDate "2022.06.12"]
[EventType "team-tourn"]
[EventCountry "POR"]
[SourceTitle "playchess.com"]
[Source "ChessBase"]
[SourceQuality "1"]
[TimeControl "180+2"]

1. e4 c5 2. Nf3 d6 3. d4 cxd4 4. Nxd4 Nf6 5. Nc3 g6 6. Be3 Bg7 7. f3 O-O 8. Qd2 Nc6 9. O-O-O d5 10. Nxc6 bxc6 11. exd5 cxd5 12. Nxd5 Nxd5 13. Qxd5 Qc7 14. Qc5 Qb7 15. Qa3 Bf5 16. Bd3 Rab8 {[%emt 0:00:09][%cal Rg7b2] B76: Sicilian Dragon: Yugoslav Attack, 9 g4 and 9 0-0-0.} 17. c3 {[%emt 0:00:01] [#]} (17. b3 $1 $11) 17... Bxc3 $1 $17 18. bxc3 {[%emt 0:00:59] aiming for Bxf5.} (18. Qxc3 $2 Rfc8 19. Bc4 (19. Bc5 $2 Rxc5 20. Bc4 Rxc4 $19) 19... Rxc4 $1 20. Rd8+ Rxd8 $19) 18... Bxd3 {[%emt 0:00:06] Black is better.} 19. Kd2 Rfd8 20. Ke1 {[%emt 0:00:02] [#] Prevents Bf1.} Bc4 $146 {[%emt 0:00:40] Black is more active.} (20... Qb2 $17 {( -> ...Qe2#)} 21. Qxb2 Rxb2) ({Predecessor:} 20... Qb2 21. Qxb2 Rxb2 22. Rd2 Rb1+ 23. Rd1 Rxd1+ 24. Kxd1 Bf1+ 25. Kc1 Bxg2 26. Re1 Bxf3 27. Bxa7 {0-1 (51) Kowalski,M (1933)-Rook,D (2145) GER email 2011}) 21. Kf2 $11 Qb2+ 22. Qxb2 Rxb2+ 23. Kg3 Rdb8 24. Bxa7 Ra8 $36 {[%emt 0:00:02][%mdl 2048] Black has some pressure.} 25. Bc5 (25. Rd7 $5 ) 25... Raxa2 26. Rd8+ Kg7 27. Rg1 Kf6 28. Rd7 e6 (28... e5 $15) 29. Bd4+ (29. Be7+ $11 Kg7 30. Rc7) 29... e5 $17 30. Bc5 {[%emt 0:00:01] [#]} (30. Be3 $142) 30... h5 (30... Bf1 $1 $17 31. Rd1 (31. Rxf1 $2 {is a self mate.} Rxg2+ 32. Kh3 Rxh2+ 33. Kg4 Rag2#) 31... Rxg2+ 32. Rxg2 Rxg2+ 33. Kh3 Rg1+ 34. Kh4 g5+ 35. Kh5 Rh1) 31. Bb4 $2 {[%emt 0:00:07] [#]} (31. h4 $15) 31... Kg5 $2 (31... Bf1 $1 $19 32. Rd1 (32. Rxf1 $2 {gets mated.} Rxg2+ 33. Kh3 Rxh2+ 34. Kg3 Rag2#) 32... Bxg2) 32. h4+ Kf6 33. Rd6+ Kf5 34. Rd7 (34. Rdd1 $15) 34... f6 ({Black should try} 34... g5 $1 $17 {Threatens to win with ...gxh4+.} 35. hxg5 h4+ 36. Kxh4 Rxg2 37. Rxg2 Rxg2) 35. Be7 $2 {[%emt 0:00:04][%mdl 8192] [#]} ({White should play} 35. Rdd1 $15) 35... Bf1 $2 (35... Ke6 $1 $19 36. Rc7 {[#]} Bf1 $1 ) 36. Rxf1 $4 (36. Rd1 $15 Ke6 37. Bc5) 36... Rxg2+ {[%emt 0:00:01][%mdl 32768] Weighted Error Value: White=0.93/Black=0.70. Loss on time!?} 0-1

[Event "Portuguese Team Blitz-ch 2022"]
[Site "Viseu"]
[Date "2022.06.12"]
[Round "1.7"]
[White "Paiva, Manuel Maria Fonseca"]
[Black "Ferreira, Luis Pedro"]
[Result "0-1"]
[ECO "C01"]
[WhiteElo "1453"]
[BlackElo "2183"]
[Annotator "TA"]
[PlyCount "63"]
[EventDate "2022.06.12"]
[EventType "team-tourn"]
[EventCountry "POR"]
[SourceTitle "playchess.com"]
[Source "ChessBase"]
[SourceQuality "1"]
[TimeControl "180+2"]

1. e4 e6 2. d4 d5 3. exd5 exd5 4. Bd3 c5 5. dxc5 Bxc5 6. Ne2 Nc6 {[%emt 0:00:04] C01: French: Exchange Variation.} 7. O-O {[%emt 0:00:01] [#]} Qh4 $146 (7... Nf6 $11) ({Predecessor:} 7... Nf6 8. c3 h6 9. Nd2 O-O 10. Nb3 Bd6 11. Bf4 Re8 12. Bxd6 Qxd6 13. Ned4 a6 14. a4 Ne5 15. Be2 Bd7 16. Qd2 Rad8 17. Bd3 Ne4 18. Bxe4 dxe4 19. Nc2 Qg6 20. Ne3 Nf3+ {0-1 (20) Valle,L (2272)-Kanakaris,G (2382) Chess.com INT 2022}) 8. Ng3 (8. Nd2 $14 {feels stronger.}) 8... Bg4 {[%emt 0:00:11] The position is equal.} 9. Qe1+ Nge7 10. Nc3 ({Don't play} 10. Nf5 Bxf5 11. Bxf5 O-O $17) (10. Be3 $5 b6 11. c3 $11) 10... O-O 11. Qd2 Ne5 12. Qg5 Qxg5 13. Bxg5 f6 14. Bd2 Nxd3 15. cxd3 Rad8 16. Rac1 Nc6 17. h3 Be6 {[%emt 0:00:08] This bishop pair is nice.} 18. Nge2 Bf7 {[%emt 0:00:16] Black is more active.} 19. a3 Nd4 (19... Rfe8 $15 20. Rfe1 Bb6) 20. Nxd4 Bxd4 21. Be3 Bxe3 22. fxe3 d4 23. exd4 Rxd4 24. Nb5 Rxd3 25. Nxa7 Bd5 26. Rfd1 Rxd1+ 27. Rxd1 $11 {KRB-KRN} Be4 28. Rc1 Kf7 29. Nb5 Rd8 {[%emt 0:00:03] Prevents Nd6+.} 30. Nc3 Bc6 {[%emt 0:00:01] [#] And now ...Rd2 would win.} 31. Rd1 {[%emt 0:00:02] Against Rd2} Rxd1+ 32. Kf2 $2 {[%emt 0:00:08][%mdl 8192] Weighted Error Value: White=0.16 (very precise) /Black=0.16 (very precise)} (32. Nxd1 $15 Ke6 33. Kf2) 0-1

[Event "Portuguese Team Blitz-ch 2022"]
[Site "Viseu"]
[Date "2022.06.12"]
[Round "1.8"]
[White "Leao, Tiago Miguel Da Silv"]
[Black "Neto, Dinis Fonseca"]
[Result "1-0"]
[ECO "A45"]
[WhiteElo "2157"]
[BlackElo "1202"]
[Annotator "TA"]
[PlyCount "65"]
[EventDate "2022.06.12"]
[EventType "team-tourn"]
[EventCountry "POR"]
[SourceTitle "playchess.com"]
[Source "ChessBase"]
[SourceQuality "1"]
[TimeControl "180+2"]

1. d4 Nf6 2. Bf4 e6 3. e3 d5 4. c3 Nbd7 5. Bd3 Be7 6. h3 b6 7. Nf3 Bb7 8. O-O c5 9. Nbd2 O-O 10. Rc1 Rc8 {[%emt 0:00:01] D02: 1 d4 d5 2 Nf3 sidelines, including 2...Nf6 3 g3 and 2...Nf6 3 Bf4.} 11. Qe2 h6 12. Rfe1 {[%emt 0:00:15] [#]} Ne4 $146 {[%emt 0:00:35] The position is equal.} ({Predecessor:} 12... Re8 13. Ne5 Nxe5 14. Bxe5 Bd6 15. Nf3 Bxe5 16. Nxe5 Nd7 17. Bb5 Nxe5 18. Bxe8 Qxe8 19. dxe5 Qa4 20. e4 dxe4 21. Red1 c4 22. Qd2 {½-½ (22) Kanevski,V (1798)-Kleinschmidt,R (1916) Arendsee 2008}) 13. Nf1 Ndf6 14. Ne5 Nd7 15. Ng4 Ndf6 16. Ng3 Nh5 $2 {[%emt 0:00:12][%mdl 8192] Black cannot hold the game after this.} 17. Nxh5 $18 f5 18. Ne5 g5 19. Bh2 Qe8 (19... c4 $142 20. Bxe4 dxe4) 20. Ng3 {[%emt 0:00:05] [#] Black must now prevent Bb5.} Kh7 (20... c4 $142 21. Bc2 Nf6) 21. Bxe4 dxe4 22. Red1 f4 (22... Bd6 $142 23. Nh5 c4) 23. exf4 gxf4 24. Nxe4 {[%emt 0:00:01] [#] Hoping for dxc5.} f3 25. Nxf3 Bxe4 26. Qxe4+ Kg8 27. Ne5 Qh5 28. Rd3 Bf6 29. Rg3+ Kh8 30. Ng4 (30. Ng6+ $142 Kg7 31. Nf4+ Qg5 32. Nxe6+ Kh8 33. Rxg5 hxg5 34. Qg6 Rce8 35. Nxf8) 30... Bg5 {[%emt 0:00:08] White is clearly winning.} 31. Re1 Rce8 32. Qc6 Kh7 33. Rxe6 {[%emt 0:00:01] Weighted Error Value: White=0.48/Black=1.40} 1-0

[Event "Portuguese Team Blitz-ch 2022"]
[Site "Viseu"]
[Date "2022.06.12"]
[Round "2.1"]
[White "Silva, Stephane"]
[Black "Veiga, Jose Francisco R P N"]
[Result "1/2-1/2"]
[ECO "C47"]
[WhiteElo "2020"]
[BlackElo "2377"]
[Annotator "TA"]
[PlyCount "151"]
[EventDate "2022.06.12"]
[EventType "team-tourn"]
[EventCountry "POR"]
[SourceTitle "playchess.com"]
[Source "ChessBase"]
[SourceQuality "1"]
[TimeControl "180+2"]

1. e4 e5 2. Nf3 Nc6 3. Nc3 Nf6 4. d4 exd4 5. Nxd4 Bb4 6. Nxc6 bxc6 7. Bd3 d5 8. exd5 O-O {[%emt 0:00:02] now supersedes 8...cxd5.} 9. O-O cxd5 10. h3 {[%emt 0:00:03] Inhibits Bg4. C47: Scotch Four Knights and Four Knights with 4 g3.} c6 11. Qf3 Bd6 12. Bf4 Rb8 13. b3 Qc7 14. Ne2 Re8 15. Bxd6 Qxd6 16. c4 d4 17. Qf4 (17. c5 $1 $11 Qxc5 18. Rfd1) 17... Qxf4 $15 18. Nxf4 c5 (18... g5 $5 19. Ne2 c5 $11) 19. Rfe1 Bb7 20. Bf1 {[%emt 0:00:15] [#]} Be4 $146 ({Predecessor:} 20... Kf8 21. Nd3 Nd7 22. f3 a5 23. Rxe8+ Rxe8 24. a3 Ke7 25. b4 Kd6 26. Rd1 axb4 27. axb4 {1-0 (62) Ortiz Suarez,I (2585)-Espinosa Veloz,E (2452) Santa Clara 2013}) 21. Bd3 Bc6 22. Bf1 Nd7 23. f3 Ne5 24. Nd3 (24. Nd5 $11) 24... Nxd3 $1 25. Bxd3 f6 26. Kf2 Kf7 27. Rxe8 ({But not} 27. Bxh7 $2 g6 28. Rxe8 Rxe8 $19) 27... Rxe8 {[%emt 0:00:01][%mdl 4096] Endgame KRB-KRB} 28. Re1 {[%emt 0:00:02] Prevents Re3.} (28. a3 $1 $11) 28... Rb8 29. Be4 ({Reject} 29. Bxh7 g6 30. h4 Rh8 31. Bxg6+ Kxg6 $17) (29. h4 $15) 29... Bxe4 $17 30. Rxe4 {[%emt 0:00:02] KR-KR} a5 {[%emt 0:00:01][%cal Ba7a5,Ba5a4][%mdl 32] White must now prevent ...a4!} 31. Re1 (31. Rh4 $142) 31... a4 32. Rb1 Ke6 33. Ke2 Kd6 34. Kd2 axb3 35. axb3 Ra8 (35... h5 $15) 36. Rb2 Ra1 37. b4 cxb4 38. Rxb4 Kc5 39. Rb7 Ra2+ 40. Kd3 Rxg2 41. Rc7+ Kd6 42. Ra7 Ke5 43. Re7+ Kf4 44. Kxd4 Kxf3 45. Re3+ Kf4 {[%emt 0:00:09] ( -> ...Rd2+)} 46. Rc3 (46. Re4+ $11 Kf5 47. Re7) 46... Rd2+ 47. Kc5 {[%emt 0:00:01] [#]} Ke4 $1 48. Kb4 $2 (48. Rc1 $17 {nothing else works.}) 48... Kd4 49. Rc1 $2 (49. Kb3) 49... Rb2+ $19 50. Ka3 Rb8 51. c5 Kd5 52. c6 Kd6 53. c7 $2 (53. h4) 53... Rc8 54. Rd1+ Kxc7 55. Kb3 Rd8 56. Re1 Rd7 57. Kc3 Kd8 58. Re3 g6 59. Re6 f5 60. h4 Re7 61. Rf6 Ke8 62. h5 Rf7 63. Re6+ Re7 64. Rf6 Rg7 $2 ({Better is} 64... Rc7+ $19 65. Kd4 Ke7) 65. hxg6 $11 hxg6 {[%emt 0:00:01] Hoping for ...Ke7.} 66. Kd3 $2 (66. Kd4 $11) 66... Ke7 $19 67. Ra6 Kf7 68. Ke3 Kg8 $2 (68... g5 $19 {aiming for ...Rg8.} 69. Kd4 Rg6 70. Ra7+ Kf6) 69. Kf4 $11 Kh7 {[%emt 0:00:06] ...Kh6 is the strong threat.} 70. Kg5 $1 Rf7 71. Ra4 Kg7 72. Rb4 Kh7 73. Ra4 Re7 74. Rb4 {[%emt 0:00:01] [#]} (74. Ra6 $11) 74... Re4 (74... Re6 $1 $17) 75. Rb7+ Kg8 76. Kxg6 {[%emt 0:00:01] Weighted Error Value: White=0.62/Black=0.13 (very precise)} 1/2-1/2